 Dungeon Crawl Stone Soup version 0.24-a0-292-g5c6fb1c (webtiles) character file.

Game seed: 5126931321893320862

340 tilp the Covert (level 6, -3/28 HPs)
             Began as a Spriggan Enchanter on May 10, 2019.
             Slain by a hound (5 damage)
             ... on level 4 of the Dungeon.
             The game lasted 00:14:21 (4194 turns).

tilp the Covert (Spriggan Enchanter)                Turns: 4194, Time: 00:14:22

Health: -3/28      AC:  2    Str:  4    XL:     6   Next: 30%
Magic:  1/11       EV: 18    Int: 18    God:
Gold:   116        SH:  0    Dex: 17    Spells: 1/10 levels left

rFire    . . .     SeeInvis +   a - +1 dagger
rCold    . . .     Gourm    .   (shield restricted)
rNeg     . . .     Faith    .   b - +0 robe
rPois    .         Spirit   .   (helmet restricted)
rElec    .         Reflect  .   (no cloak)
rCorr    .         Harm     .   (gloves unavailable)
MR       +....                  (boots unavailable)
Stlth    ++++......             (no amulet)
HPRegen  0.09/turn              (no ring)
MPRegen  0.12/turn              (no ring)

@: very slightly contaminated, very quick
A: very small, unfitting armour, see invisible, herbivore, speed 3, slow
metabolism 2
a: no special abilities


You were on level 4 of the Dungeon.
You were near starving.

You visited 1 branch of the dungeon, and saw 4 of its levels.

You collected 116 gold pieces.

Inventory:

Hand Weapons
 a - a +1 dagger (weapon)
 m - a +2 short sword of freezing
 q - a +0 whip of freezing
Missiles
 f - 102 stones (quivered)
 l - a throwing net
Armour
 b - a +0 robe (worn)
Wands
 d - a wand of digging (5)
 i - a wand of flame (18)
Scrolls
 c - 2 scrolls of remove curse
 j - a scroll of identify {unknown}
 o - a scroll of noise {unknown}
 s - a scroll of teleportation {unknown}
Potions
 e - 2 potions of degeneration {unknown}
 g - a potion of ambrosia {unknown}
 h - 3 potions of haste {unknown}
 k - a potion of agility {unknown}
 n - 2 potions of heal wounds {unknown}
 p - 2 potions of cancellation {unknown}
 r - a potion of flight {unknown}
Comestibles
 t - a ration


   Skills:
 - Level 5.1 Short Blades
 - Level 3.0 Dodging
 - Level 8.0 Stealth
 + Level 2.9 Spellcasting
 + Level 3.8 Hexes


You had one spell level left.
You knew the following spells:

 Your Spells              Type           Power        Failure   Level  Hunger
a - Corona                Hex            ###....      3%          1    None
b - Ensorcelled Hibernat  Hex/Ice        #.....       12%         2    ##.....
c - Confuse               Hex            ###.....     11%         3    ###....
d - Tukima's Dance        Hex            ###.....     11%         3    ###....

Your spell library contained the following spells:

 Spells                   Type           Power        Failure   Level  Hunger
 Dazzling Spray           Conj/Hex       #.....       22%         3    ###....


Dungeon Overview and Level Annotations

Branches:
Dungeon (4/15)
 Temple: D:4-7

Altars:
Fedhas
Okawaru
Qazlal
Wu Jian
Zin

Annotations:
D:2 Sigmund
D:3 exclusion: rat, Grinder


Innate Abilities, Weirdness & Mutations

You are very small and have problems with some larger weapons.
You are too small for most types of armour.
You have supernaturally acute eyesight. (SInv)
You are a herbivore.
You cover ground extremely quickly.
You need to consume almost no food.


Message History

Casting: Ensorcelled Hibernation (safe; 12% risk of failure)
Confirm with . or Enter, or press ? or * to list all spells.
Aiming: Ensorcelled Hibernation (safe; 12% risk of failure)
Press: ? - help, Shift-Dir - straight line, f/p - Natasha
Aim: Natasha (chance to defeat MR: 39%)
You miscast Ensorcelled Hibernation.
Your skin tingles.
Natasha claws you.
* * * LOW HITPOINT WARNING * * *
Casting: Ensorcelled Hibernation (safe; 12% risk of failure)
Confirm with . or Enter, or press ? or * to list all spells.
Aiming: Ensorcelled Hibernation (safe; 12% risk of failure)
Press: ? - help, Shift-Dir - straight line, f/p - Natasha
Aim: Natasha (chance to defeat MR: 39%) Natasha looks drowsy...
The hound completely misses you.
The helpless Natasha fails to defend herself.
You perforate Natasha like a sieve!!!
You kill Natasha!
Natasha yowls pathetically as she dies!
The hound pauses to sniff the ground.
The hound bites you.
You die...

#...!..............
#..................
#..................
#........†....#####
#......####'### #
#......#.....# #
#......#.....# #
#......#.....# #
#.@....#.....# #
#h†....#.....# #
#......#.....# #
#......#...... #
#......# + #......#
# #......# #
#......#


You could see a hound.

Vanquished Creatures
  A hound (D:4)
  Jessica (D:2)
  Ijyb (D:3)
  Natasha (D:4)
  2 worker ants (D:4)
  6 adders
  4 gnolls
  3 oozes
  2 worms
  A dart slug (D:1)
  A leopard gecko (D:2)
  An orc (D:3)
  6 bats
  2 giant cockroaches
  13 goblins
  3 hobgoblins (D:2)
  10 jackals
  5 kobolds
  3 quokkas
  2 ball pythons (D:2)
  9 frilled lizards
  9 rats
86 creatures vanquished.

Notes
Turn   | Place    | Note
-------+----------+-------------------------------------------
     0 | D:1      | tilp the Spriggan Enchanter began the quest for the Orb.
     0 | D:1      | Reached XP level 1. HP: 9/9 MP: 5/5
   668 | D:1      | Reached XP level 2. HP: 13/13 MP: 6/6
   672 | D:1      | Learned a level 2 spell: Ensorcelled Hibernation
   735 | D:1      | Reached skill level 5 in Stealth
  1362 | D:1      | Reached XP level 3. HP: 16/16 MP: 1/8
  1807 | D:2      | Reached skill level 6 in Stealth
  1906 | D:2      | Reached XP level 4. HP: 12/21 MP: 6/9
  2764 | D:2      | Found an iron altar of Okawaru.
  2765 | D:2      | Noticed Jessica
  2787 | D:2      | Killed Jessica
  2787 | D:2      | Reached skill level 7 in Stealth
  2787 | D:2      | Reached XP level 5. HP: 21/24 MP: 2/10
  3212 | D:1      | Learned a level 3 spell: Confuse
  3216 | D:1      | Learned a level 3 spell: Tukima's Dance
  3348 | D:2      | Found a blossoming altar of Fedhas.
  3349 | D:2      | Noticed Sigmund
  3689 | D:3      | Found a glowing silver altar of Zin.
  3690 | D:3      | Noticed Ijyb
  3700 | D:3      | Killed Ijyb
  3738 | D:2      | Found an ornate altar of the Wu Jian Council.
  3738 | D:2      | Found a stormy altar of Qazlal.
  3846 | D:3      | Noticed Grinder
  4091 | D:4      | Reached skill level 8 in Stealth
  4095 | D:4      | Reached XP level 6. HP: 9/28 MP: 6/11
  4184 | D:4      | Noticed Natasha
  4189 | D:4      | Reached skill level 5 in Short Blades
  4194 | D:4      | Killed Natasha
  4194 | D:4      | Slain by a hound

Levels and vault maps discovered:
D:1:      dpeg_arrival_rooms_with_view, layout_basic, minmay_cut_off
D:2:      layout_loops_corners, nicolae_overflow_hidden_temple,
          lemuel_round_altar, tgw_fedhas, uniq_sigmund, uniq_jessica
D:3:      layout_rooms, overflow_temple_1_default, first_ration, uniq_grinder,
          uniq_ijyb
D:4:      layout_gridville, minmay_manual_macuahuitl, uniq_natasha

Skill      XL: |  1  2  3  4  5  6 |
---------------+-------------------+-----
Stealth        | 5 6 7 8 |  8.0
Short Blades   | 2 3 4 5 |  5.1
Dodging        | |  3.0
Spellcasting   | |  2.9
Hexes          | |  3.8

Action                   |  1- 3 |  4- 6 || total
-------------------------+-------+-------++-------
Melee: Dagger            |   101 |   166 ||   267
Throw: Stone             |     5 |       ||     5
 Cast: Corona            |    24 |     9 ||    33
       Ensorcelled Hiber |    20 |    38 ||    58
       Confuse           |       |     3 ||     3
  Use: Scroll            |       |     2 ||     2
 Stab: Sleeping          |    19 |    31 ||    50
       Distracted        |     1 |     1 ||     2
  Eat: Ration            |       |     2 ||     2
Armor: Robe              |     3 |    10 ||    13
Dodge: Dodged            |    78 |   108 ||   186

Table legend:
 A = Non-vault XP
 B = Vault XP
 C = Vault XP percentage of total XP
 D = Non-vault monster count
 E = Vault monster count
 F = Vault count percentage of total count
                 A         B        C        D         E       F
            +---------+---------+-------+---------+---------+-------
      Total |     298 |     189 |  38.8 |      75 |      11 |  12.8
            +---------+---------+-------+---------+---------+-------
        D:1 |      52 |      14 |  21.2 |      23 |       6 |  20.7
        D:2 |     152 |      37 |  19.6 |      36 |       1 |   2.7
        D:3 |      51 |      36 |  41.4 |      13 |       1 |   7.1
        D:4 |      43 |     102 |  70.3 |       3 |       3 |  50.0
            +---------+---------+-------+---------+---------+-------
